 Dungeon Crawl Stone Soup version 0.27.1-35-g4d5d836560 (webtiles) character file.

Game seed: 12051738662792916856

15 cbfl8 the Chopper (level 2, 0/29 HPs)
             Began as a Minotaur Chaos Knight on July 31, 2022.
             Was a Plaything of Xom.
             Succumbed to a kobold's poison
             ... on level 3 of the Dungeon.
             The game lasted 00:00:45 (471 turns).

cbfl8 the Chopper (Minotaur Chaos Knight)            Turns: 471, Time: 00:00:46

Health: 0/29       AC:  7    Str: 18    XL:     2   Next: 34%
Magic:  1/1        EV: 11    Int:  9    God:    Xom [..*...]
Gold:   16         SH:  0    Dex: 11    Spells: 1/1 levels left

rFire    . . .     SeeInvis .   a - +0 hand axe (chaos)
rCold    . . .     Faith    .   (no shield)
rNeg     . . .     Spirit   .   b - +2 leather armour
rPois    .         Reflect  .   (helmet restricted)
rElec    .         Harm     .   (no cloak)
rCorr    .         Rampage  .   (no gloves)
Will     .....                  (no boots)
Stlth    +.........             (no amulet)
HPRegen  0.09/turn              (no ring)
MPRegen  0.07/turn              (no ring)

@: lethally poisoned (0 -> -2)
A: horns 2, retaliatory headbutt, iridescent scales 1, agile 1, robust 1, strong
1
a: Renounce Religion


You were on level 3 of the Dungeon.
You worshipped Xom.
You were a toy of Xom.
You visited 1 branch of the dungeon, and saw 3 of its levels.

You collected 16 gold pieces.

Inventory:

Hand Weapons
 a - a +0 hand axe of chaos (weapon)
Armour
 b - a +2 leather armour (worn)


   Skills:
 + Level 3.9 Fighting
 + Level 4.3 Axes
 + Level 2.5 Armour
 + Level 1.1 Dodging


You had one spell level left.
You didn't know any spells.
Your spell library was empty.

Dungeon Overview and Level Annotations

Branches:
Dungeon (3/15)

Altars:

Annotations:
D:3 Terence


Innate Abilities, Weirdness & Mutations

You have a pair of horns on your head.
You reflexively headbutt those who attack you in melee.
You are partially covered in iridescent scales. (AC +2)
You are agile. (Dex +2)
You are robust. (+10% HP)
Your muscles are strong. (Str +2)


Message History

A kobold and Terence come into view.
The kobold is wielding a +0 whip and quivering poisoned darts.
Terence shouts!
The kobold shouts!
The kobold throws a poisoned dart.
The poisoned dart hits you!
You are poisoned.
Found a mace and a leather armour.
You feel very sick. Terence hits you with a +0 falchion.
There is an open door here.
You hit Terence but do no damage.
Terence is poisoned.
You feel sick.
A giant cockroach comes into view.
Terence hits you with a +0 falchion!
You hit Terence.
Terence resists with some effort.
Terence is heavily wounded.
You closely miss the kobold.
You feel sick. Terence closely misses you. The kobold hits you with a +0 whip.
* * * LOW HITPOINT WARNING * * *
You hit Terence but do no damage.
Terence looks as sick as possible!
Terence is heavily wounded.
You hit the giant cockroach. You hit the kobold but do no damage.
The kobold is poisoned.
You feel sick. The giant cockroach closely misses you.
Terence hits you with a +0 falchion.
* * * LOW HITPOINT WARNING * * *
The kobold hits you with a +0 whip.
* * * LOW HITPOINT WARNING * * *
Unknown command.
Unknown command.
* * * LOW HITPOINT WARNING * * *
You feel sick.
You barely miss the giant cockroach. You headbutt the giant cockroach.
You kill the giant cockroach!
* * * LOW HITPOINT WARNING * * *
You feel sick.
You kill the kobold!
It was a potion of mutation.
You feel extremely strange.
You feel robust.
You feel stronger.
You feel agile.
Iridescent scales grow over part of your body.
Xom thinks this is hilarious!
You die...
Xom laughs nastily!

#.# ### ### ###.#
.... #.. ...#####
.....##.####......#
...............(...
#<####...#
#........##.#
#######.....#
#@##### #@# #..)#
......# #.......#
#....)....#
+.........+
#....[....#
##.......##


You could see Terence (extremely poisoned).

Vanquished Creatures
  2 ball pythons
  An endoplasm (D:1)
  A giant cockroach (D:3)
  2 hobgoblins (D:2)
  4 jackals (D:2)
  A kobold (D:3)
  5 toadstools (D:1)
16 creatures vanquished.

Notes
Turn   | Place    | Note
-------+----------+-------------------------------------------
     0 | D:1      | cbfl8 the Minotaur Chaos Knight began the quest for the
                  | Orb.
     0 | D:1      | Reached XP level 1. HP: 19/19 MP: 0/0
   145 | D:2      | Reached skill level 4 in Axes
   149 | D:2      | Reached XP level 2. HP: 23/27 MP: 1/1
   313 | D:2      | XOM: smoke on damage
   464 | D:3      | Noticed Terence
   469 | D:3      | HP: 1/27 [poisoned by a kobold]
   471 | D:3      | Gained mutation: You are robust. (+10% HP) [potion of
                  | mutation]
   471 | D:3      | Gained mutation: Your muscles are strong. (Str +2) [potion
                  | of mutation]
   471 | D:3      | Gained mutation: You are agile. (Dex +2) [potion of
                  | mutation]
   471 | D:3      | Gained mutation: You are partially covered in iridescent
                  | scales. (AC +2) [potion of mutation]
   471 | D:3      | Succumbed to a kobold's poison

Illustrated notes

Levels and vault maps discovered:
D:1:      ldierk_walled_garden, layout_basic, minmay_split_cup_large
D:2:      layout_loops_corners, hellmonk_ecumenical_altar_run_dry
D:3:      layout_loops_corners, portal_sewer_entry_f, uniq_ijyb, uniq_terence

Skill      XL: |  1 |
---------------+----+-----
Axes           | 4 |  4.3
Fighting       | |  3.9
Armour         | |  2.5
Dodging        | |  1.1

Action                   || total
-------------------------++-------
Melee: Hand axe          ||    29
       Headbutt          ||     3
  Use: Potion            ||     1
Armor: Leather armour    ||     8
Dodge: Dodged            ||    13
